AoeStats
← _vishi_

Fortress

510054099Analyzed
4v4 RM · 2d ago on Sep 29, 2026· 10m 2s· 8 players
Game mode
Random Map
Map size
Huge
Population
200
Speed
Normal
Resources
Standard
Victory
Conquest
Starting age
Dark Age
Ending age
Imperial Age
RankedLock teamsTeams togetherTeam positionsShared explorationLock speedFull tech treeHidden civsTurbo modeCheats
Victory
Defeat
🇮🇩 Saxons · Indonesia
1493
+11
🇮🇩 Danes · Indonesia
1450
+13
🇮🇩 Dravidians · Indonesia
1407
+15
🇹🇷 Lithuanians · Türkiye
1338
+17
🇻🇳 Teutons · Vietnam
1422
-16
🇮🇳 Saracens · India
1395
-15
🇺🇸 Wei · United States
1377
-14
🇺🇸 Khmer · United States
1310
-11
DEMLOUDBOYZ
6:55 Feudal Age
7:24 Double-Bit Axe
7:22 Horse Collar
7:34 Gold Mining
10:14 Wheelbarrow
SAMOAN SHOTGUN
7:34 Feudal Age
11:43 Castle Age
9:38 Double-Bit Axe
_vishi_
7:58 Feudal Age
VN_BILL
C42
6:54 Feudal Age
11:02 Castle Age
Fox.Mocel
6:03 Loom
8:01 Feudal Age
9:34 Double-Bit Axe
12:31 Castle Age
Embege
7:31 Feudal Age
11:33 Castle Age
9:28 Double-Bit Axe
9:36 Horse Collar
Kijiibd
8:08 Feudal Age
11:59 Castle Age
10:06 Double-Bit Axe
Connection lost

Rejoining the realm…

Still unreachable

The connection could not be restored.

Session expired

The server has moved on; the page needs a fresh start.